 Dungeon Crawl Stone Soup version 0.31.0-10-gcf4a605ca0 (webtiles) character file.

Game seed: 13951199920908715089

3237 zenocrate the Covert (level 9, -7/39 HPs)
             Began as a Vine Stalker Enchanter on Jan 25, 2024.
             Was an Initiate of Gozag.
             Mangled by a komodo dragon (17 damage)
             ... on level 8 of the Dungeon.
             The game lasted 00:10:11 (8359 turns).

zenocrate the Covert (Vine Stalker Enchanter)       Turns: 8359, Time: 00:10:12

Health: -7/39      AC:  9    Str: 11    XL:     9   Next: 98%
Magic:  0/14       EV: 15    Int: 20    God:    Gozag
Gold:   217        SH:  0    Dex: 19    Spells: 2/12 levels left

rFire   + . .        a - +1 dagger (elec)
rCold   . . .        (no shield)
rNeg    . . .        k - +0 robe
rPois   +            E - +0 helmet {Int+3}
rElec   .            (no cloak)
rCorr   .            s - +0 pair of gloves
SInv    +            N - +0 pair of boots
Will    ++...        (no amulet)
Stlth   ++++         C - ring of Wokke {rPois rF+ Will+ Int+2 SInv}
HPRegen 1.06/turn    R - +4 ring of protection
MPRegen 0.14/turn

%: guardian spirit
@: no status effects
A: fangs 3, regeneration 1, magic shield, antimagic bite, no potion heal 2, see
invisible, high MP 1, wild magic 1, noise suppression
a: Renounce Religion, Potion Petition, Call Merchant, Bribe Branch


You were on level 8 of the Dungeon.
You worshipped Gozag.
Gozag was aware of your devotion.
You visited 2 branches of the dungeon, and saw 9 of its levels.

You collected 924 gold pieces.
You spent 649 gold pieces at shops.
You paid 58 gold pieces to Gozag.

Inventory:

Hand Weapons
 a - a +1 dagger of electrocution (weapon)
 b - a +1 dagger of venom
 e - a +1 dagger
 K - a +1 short sword of protection
 U - the +1 dagger "Mud Pie of Death" {venom, Str+3}
   (You found it on level 8 of the Dungeon)

   Str+3:     It affects your strength (+3).
Missiles
 i - 47 poisoned darts (quivered)
 q - 4 curare-tipped darts
 Q - 4 javelins
 S - 2 boomerangs
Armour
 k - a +0 robe (worn)
 s - a +0 pair of gloves (worn)
 E - a +0 helmet of intelligence (worn)
 L - a +0 kite shield
 N - a +0 pair of boots (worn)
Jewellery
 C - the ring of Wokke (left hand) {rPois rF+ Will+ Int+2 SInv}
   (You took it off a kobold on level 4 of the Dungeon)

   [ring of poison resistance]

   Int+2:     It affects your intelligence (+2).
   rF+:       It protects you from fire.
   rPois:     It protects you from poison Will+: It increases your willpower.
   SInv:      It lets you see invisible.
 R - a +4 ring of protection (right hand)
Wands
 x - a wand of acid (7)
 G - a wand of mindburst (34)
 I - a wand of paralysis (24)
 M - a wand of polymorph (25)
Scrolls
 d - 2 scrolls of amnesia
 f - 2 scrolls of torment {unknown}
 g - a scroll of enchant weapon {unknown}
 h - 3 scrolls of fear
 m - a scroll of vulnerability {unknown}
 n - 2 scrolls of immolation {unknown}
 p - a scroll of brand weapon {unknown}
 v - a scroll of noise {unknown}
 w - 4 scrolls of teleportation
 y - 2 scrolls of poison {unknown}
 J - a scroll of blinking {unknown}
 O - a scroll of fog
 P - a scroll of revelation
 T - a scroll of silence {unknown}
Potions
 c - 3 potions of invisibility
 j - a potion of enlightenment
 l - 2 potions of resistance
 o - 3 potions of brilliance
 r - a potion of mutation
 t - a potion of ambrosia {unknown}
 u - 2 potions of lignification {unknown}
 z - 3 potions of curing
 A - 3 potions of attraction
 B - a potion of might {unknown}
 D - a potion of degeneration {unknown}
 F - a potion of berserk rage
 H - a potion of cancellation


   Skills:
 - Level 0.2 Fighting
 + Level 5.4 Short Blades
 - Level 1.8 Throwing
 - Level 1.3 Armour
 + Level 5.4 Dodging
 + Level 8.5 Stealth
 - Level 2.1 Spellcasting
 + Level 6.6 Hexes
 + Level 2.3 Translocations
 - Level 3.0 Ice Magic
 - Level 3.0 Evocations


You had 2 spell levels left.
You knew the following spells:

 Your Spells              Type           Power      Damage    Failure   Level
a - Ensorcelled Hibernat  Hex/Ice        54%        N/A       5%          2
b - Confusing Touch       Hex            37%        N/A       5%          3
c - Tukima's Dance        Hex            37%        N/A       5%          3
x - Blink                 Tloc           30%        N/A       13%         2

Your spell library contained the following spells:

 Spells                   Type           Power      Damage    Failure   Level
 Slow                     Hex            100%       N/A       2%          1
 Magic Dart               Conj           8%         1d3       22%         1
 Call Imp                 Summ           4%         N/A       32%         2
 Sigil of Binding         Hex            37%        N/A       5%          3
 Dazzling Flash           Conj/Hex       40%        N/A       17%         3
 Stone Arrow              Conj/Erth      4%         3d7       52%         3
 Vampiric Draining        Necr           2%         2d6       52%         3
 Animate Armour           Summ/Erth      4%         N/A       88%         4
 Conjure Ball Lightning   Conj/Air       1%         3x3d6     100%        6
 Discord                  Hex            18%        N/A       100%        8
 Disjunction              Tloc           7%         N/A       100%        8
 Lehudib's Crystal Spear  Conj/Erth      1%         10d2      100%        8


Dungeon Overview and Level Annotations

Branches:
Dungeon (8/15)             Temple (1/1) D:4            Lair (0/5) D:8

Altars:
Ashenzari
Cheibriados
Dithmenos
Elyvilon
Fedhas
Gozag
Hepliaklqana
Kikubaaqudgha
Makhleb
Nemelex Xobeh
Okawaru
Qazlal
Ru
Sif Muna
Trog
Uskayaw
Wu Jian
Yredelemnul
Zin
The Shining One

Shops:
D:5 (:*=!

Annotations:
D:6 wand


Innate Abilities, Weirdness & Mutations

You have razor-sharp teeth.
Your natural rate of healing is unusually fast.
When hurt, damage is shared between your health and your magic reserves.
Your bite disrupts and absorbs the magic of your enemies.
Potions cannot restore your health.
You have supernaturally acute eyesight. (SInv)
You have an increased reservoir of magic. (+10% MP)
Your spells are a little harder to cast, but a little more powerful.
You passively dampen the noise of your surroundings.


Message History

The komodo dragon is heavily wounded.
The komodo dragon barely misses you.
Unknown command.
You hit the komodo dragon but do no damage.
You bite the komodo dragon. You drain its power.
You feel invigorated.
The komodo dragon is heavily wounded.
Unknown command.
Casting: Ensorcelled Hibernation (safe; 5% risk of failure)
Confirm with . or Enter, or press ? or * to list all spells.
Aiming: Ensorcelled Hibernation (safe; 5% risk of failure)
Press: ? - help, Shift-Dir - straight line, f/p - komodo dragon
Aim: a komodo dragon (heavily wounded, chance to affect: 40%)
The komodo dragon resists with some effort.
The komodo dragon misses you.
Unknown command.
You completely miss the komodo dragon. Your bite misses the komodo dragon.
The komodo dragon is heavily wounded.
The komodo dragon bites you!!
Ouch! That really hurt!
* * * LOW HITPOINT WARNING * * *
Unknown command.
Hit: a) +1 dagger (elec)
Press: ? - help, Dir - move target, f/p - komodo dragon
Aim: a komodo dragon (heavily wounded, about 26% to evade your +1 dagger of electrocution)
Okay, then.
Aiming: Corrosive Bolt
Press: ? - help, Shift-Dir - straight line, f/p - komodo dragon
Aim: a komodo dragon (heavily wounded, 81% to hit)
The bolt of acid hits the komodo dragon!
The acid corrodes the komodo dragon!
The komodo dragon is severely wounded.
The bolt of acid hits the plant!
The acid corrodes the plant!
The plant begins to die.
The plant is lightly damaged.
The bolt of acid hits the plant!!
The acid corrodes the plant!
The plant begins to die.
The plant is lightly damaged.
The komodo dragon bites you!
You die...
Your body crumbles into a pile of gold.

#.........#
##.........#
#..........#
##.##..######
##$.###.#
##.$$## .#
##P....##.#
#PP..$..#
#PPP.@..#
#P.P$l....#
#PP.......#
#PP.PP....#
#PP...P..##
#..>.PP..#
#P...PPP##
#PPP.P..#


You could see a komodo dragon (corroded).

Vanquished Creatures
  A wyvern (D:8)
  Edmund (D:6)
  A steam dragon (D:6)
  A water moccasin (D:8)
  2 ice beasts (D:6)
  5 ogres
  3 black bears
  A centaur (D:7)
  2 phantoms
  Blork the orc (D:6)
  A kobold brigand (D:6)
  6 bullfrogs
  A scorpion (D:5)
  A howler monkey (D:6)
  5 hounds
  4 orc priests
  2 jellies (D:6)
  3 iguanas
  A sleepcap (D:8)
  9 orc wizards
  7 gnolls
  12 adders
  2 white imps
  4 ufetubi (D:6)
  3 dart slugs
  A ribbon worm (D:2)
  24 orcs
  8 endoplasms
  10 giant cockroaches
  12 goblins
  8 hobgoblins
  21 kobolds
  3 quokkas
  6 ball pythons
  6 bats
  4 frilled lizards
  A rat (D:1)
183 creatures vanquished.

Notes
Turn   | Place    | Note
-------+----------+-------------------------------------------
     0 | D:1      | zenocrate the Vine Stalker Enchanter began the quest for
                  | the Orb.
     0 | D:1      | Reached XP level 1. HP: 9/9 MP: 4/4
    32 | D:1      | Reached skill level 1 in Short Blades
   122 | D:1      | Reached XP level 2. HP: 13/13 MP: 1/6
   134 | D:1      | Learned a level 2 spell: Ensorcelled Hibernation
   407 | D:1      | Reached skill level 4 in Stealth
   407 | D:1      | Reached XP level 3. HP: 13/16 MP: 5/7
   411 | D:1      | Learned a level 3 spell: Confusing Touch
   737 | D:2      | Reached skill level 1 in Ice Magic
   737 | D:2      | Reached XP level 4. HP: 21/21 MP: 1/8
  1317 | D:2      | Reached XP level 5. HP: 2/24 MP: 0/9
  1317 | D:2      | HP: 1/24 [poisoned by an adder]
  1962 | D:2      | Learned a level 3 spell: Tukima's Dance
  2708 | D:3      | Found a faded altar of an unknown god.
  2886 | D:4      | Found a basalt altar of Yredelemnul.
  2932 | D:4      | Noticed a black bear
  2940 | D:4      | Killed a black bear
  2941 | D:4      | Reached XP level 6. HP: 28/28 MP: 4/10
  3076 | D:4      | Reached skill level 1 in Armour
  3076 | D:4      | Reached skill level 5 in Stealth
  3130 | D:4      | Reached XP level 7. HP: 27/32 MP: 3/11
  3133 | D:4      | Learned a level 2 spell: Blink
  3326 | D:4      | Identified the ring of Wokke {rPois rF+ Will+ Int+2 SInv}
  3613 | D:4      | Found a staircase to the Ecumenical Temple.
  3709 | Temple   | Entered the Ecumenical Temple
  3719 | Temple   | Became a worshipper of Gozag Ym Sagoz the Greedy
  3767 | D:5      | Entered Level 5 of the Dungeon
  3767 | D:5      | Found Meimo's Book Emporium.
  3917 | D:5      | Found Ociejih's Weapon Shoppe.
  4067 | D:5      | Found Weot's General Store.
  4070 | D:5      | Bought a +0 helmet of intelligence for 126 gold pieces
  4070 | D:5      | Bought a potion of berserk rage for 55 gold pieces
  4093 | D:5      | Reached skill level 1 in Evocations
  4171 | D:5      | Gained mutation: You have razor-sharp teeth. [Vine Stalker
                  | growth]
  4171 | D:5      | Reached XP level 8. HP: 36/36 MP: 3/12
  4276 | D:5      | Found Qufagil's Jewellery Shop.
  4348 | D:5      | Reached skill level 6 in Stealth
  4700 | D:5      | Found Cytsyf's Distillery.
  4706 | D:5      | Bought a potion of cancellation for 112 gold pieces
  5080 | D:6      | Reached skill level 5 in Hexes
  5210 | D:6      | Reached skill level 7 in Stealth
  5378 | D:6      | Reached XP level 9. HP: 39/39 MP: 10/13
  5552 | D:6      | Noticed Edmund
  5559 | D:6      | Killed Edmund
  5560 | D:6      | Reached skill level 1 in Throwing
  5989 | D:6      | Noticed Blork the orc
  5993 | D:6      | Killed Blork the orc
  6328 | D:7      | Reached skill level 5 in Short Blades
  6328 | D:7      | Reached skill level 5 in Dodging
  6460 | D:7      | Reached skill level 8 in Stealth
  6460 | D:7      | Reached skill level 1 in Translocations
  7453 | D:5      | Bought a potion of brilliance for 56 gold pieces
  7453 | D:5      | Bought a potion of curing for 42 gold pieces
  7490 | D:5      | Bought a potion of mutation for 88 gold pieces
  7490 | D:5      | Bought a scroll of fear for 44 gold pieces
  7490 | D:5      | Bought a scroll of fog for 44 gold pieces
  7490 | D:5      | Bought a scroll of revelation for 82 gold pieces
  7490 | D:5      | Gained mutation: You have an increased reservoir of magic.
                  | (+10% MP) [potion of mutation]
  7490 | D:5      | Gained mutation: You passively dampen the noise of your
                  | surroundings. [potion of mutation]
  7490 | D:5      | Gained mutation: Your spells are a little harder to cast,
                  | but a little more powerful. [potion of mutation]
  7490 | D:5      | Gained mutation: You have supernaturally acute eyesight.
                  | (SInv) [potion of mutation]
  8001 | D:8      | Identified the +1 dagger "Mud Pie of Death" {venom, Str+3}
  8343 | D:8      | Noticed a komodo dragon
  8345 | D:8      | Found a staircase to the Lair.
  8359 | D:8      | Mangled by a komodo dragon

Illustrated notes

Levels and vault maps discovered:
D:1:      doesnt_arrival_eight_statues, layout_rooms, minmay_bisected
D:2:      minmay_razor_zed, layout_basic, grunt_decor_cap
D:3:      layout_basic, shapermc_ecumenical_altar_hornbeckon
D:4:      layout_basic, yredelemnul_altar_generic,
          minmay_temple_entry_nine_rooms, nicolae_zig_zag_zippers
D:5:      layout_basic, serial_shops, shop, shop, nicolae_shop_real_fake_doors,
          nicolae_shop_crystal, nicolae_book_shop_shelving, minmay_holes,
          st_stairs_6
D:6:      layout_loops_ring, grunt_tough_drop, uniq_edmund, uniq_blork_the_orc
D:7:      layout_layer_cave, serial_co_window_serial, co_window_corner_a,
          co_window_corner_a, co_window_cross_1, co_window_of_opportunity_a,
          co_window_corner_a, co_window_paths_a, co_window_corner_a,
          co_window_corner_ca, co_window_2corner, co_window_of_opportunity_b,
          co_window_of_opportunity_b, co_window_4corner_a, co_window_paths_d,
          glass_columns_b, glass_columns_b, minmay_microvault
D:8:      layout_rooms, david_lair_shrubbed
Temple:   hellmonk_temple_of_storms

Skill      XL: |  1  2  3  4  5  6  7  8  9 |
---------------+----------------------------+-----
Short Blades   | 1 2 3 4 5 |  5.4
Dodging        | 2 3 4 5 |  5.4
Stealth        | 4 5 7 8 |  8.5
Ice Magic      | 1 2 3 |  3.0
Armour         | 1 |  1.3
Hexes          | 4 5 6 |  6.6
Evocations     | 1 3 |  3.0
Throwing       | 1 |  1.8
Translocations | 2 |  2.3
Fighting       | |  0.2
Spellcasting   | |  2.1

Action                     |  1- 3 |  4- 6 |  7- 9 || total
---------------------------+-------+-------+-------++-------
  Melee: Dagger            |    98 |   148 |   206 ||   452
         Bite              |    25 |    27 |    47 ||    99
         Punch             |     1 |     1 |     1 ||     3
   Cast: Ensorcelled Hiber |     5 |    31 |    63 ||    99
         Confusing Touch   |       |       |     2 ||     2
         Tukima's Dance    |       |       |     1 ||     1
  Evoke: Wand              |       |       |     1 ||     1
    Use: Scroll            |       |     3 |     3 ||     6
         Potion            |       |     2 |     1 ||     3
   Stab: Sleeping          |     7 |    25 |    60 ||    92
         Confused          |       |       |     2 ||     2
         Distracted        |       |       |     1 ||     1
 Armour: Robe              |    47 |    88 |    83 ||   218
  Dodge: Dodged            |    74 |    93 |    89 ||   256
